 Dungeon Crawl Stone Soup version 0.31-a0-426-g3a05650 (webtiles) character file.

Game seed: 15121910154504097200

320 Dorkslayer the Insei (level 6, 0/39 HPs)
             Began as an Octopode Shapeshifter on July 30, 2023.
             Slain by a gnoll
             ... wielding a +0 whip
              (8 damage)
             ... on level 4 of the Dungeon.
             The game lasted 00:10:24 (2201 turns).

Dorkslayer the Insei (Octopode Shapeshifter)        Turns: 2201, Time: 00:10:25

Health: 0/39       AC:  1    Str: 14    XL:     6   Next: 46%
Magic:  8/8        EV: 14    Int: 10    God:
Gold:   147        SH:  0    Dex: 15    Spells: 7/7 levels left

rFire   . .          .
                       - Unarmed
rCold   . . .        (no shield)
rNeg    . . .        (helmet currently unavailable)
rPois   .            (no amulet)
rElec   .            c - ring of willpower
rCorr   .            (no ring)
SInv    .            (no ring)
Will    +....        (no ring)
Stlth   +++          (no ring)
HPRegen 0.26/turn    (no ring)
MPRegen 0.11/turn    (no ring)
                     (no ring)

%: no passive effects
@: beast-form
A: beast (slay +2), almost no armour, amphibious, 8 rings, camouflage 1,
gelatinous body 1, (nimble swimmer 1), tentacles
a: Begin Untransformation


You were on level 4 of the Dungeon.
You were a hulking beast.
You visited 1 branch of the dungeon, and saw 4 of its levels.

You collected 147 gold pieces.

Inventory:

Jewellery
 c - a ring of willpower (left tentacle)
Talismans
 b - a beast talisman (active)
 h - a maw talisman
Wands
 f - a wand of mindburst (12)
Scrolls
 d - 2 scrolls of blinking
 e - a scroll of fear
Potions
 a - a potion of lignification
 g - a potion of magic
 j - a potion of attraction
 l - 2 potions of curing
 p - 2 potions of brilliance {unknown}


   Skills:
 * Level 2.1 Fighting
 * Level 2.8 Dodging
 + Level 2.4 Stealth
 + Level 4.5 Unarmed Combat
 * Level 1.4 Spellcasting
 * Level 1.6 Evocations
 + Level 3.8 Shapeshifting


You had 7 spell levels left.
You didn't know any spells.
Your spell library contained the following spells:

 Spells                   Type           Power      Damage    Failure   Level
 Fireball                 Conj/Fire      0%         3d3       100%        5
 Iskenderun's Battlesphe  Conj           0%         2d6       100%        5
 Conjure Ball Lightning   Conj/Air       0%         3x3d6     100%        6
 Orb of Destruction       Conj           0%         9d5       100%        7


Dungeon Overview and Level Annotations

Branches:
Dungeon (4/15)
 Temple: D:4-7

Altars:
Gozag


Innate Abilities, Weirdness & Mutations

You are a hulking beast.
Your limbs bulge with bestial killing power. (Slay +2)
You cannot wear most types of armour.
You are amphibious.
You can wear up to eight rings at the same time.
Your skin changes colour to match your surroundings (Stealth+).
Your rubbery body absorbs attacks. (AC +1, EV +1)
((You are camouflaged when in or above water. (Stealth+)))
You have tentacles for arms and can constrict up to eight enemies at once.


Message History

You tentacle-slap the phantom.
You destroy the phantom!
You see here a +0 heavy flail.
A goblin comes into view. It is wielding a +0 club.
Found a stone staircase leading down.
The goblin shouts!
Your extra speed is starting to run out.
An endoplasm comes into view.
The goblin misses you.
You barely miss the goblin.
The endoplasm quivers.
You grab the goblin. You constrict the goblin. You tentacle-slap the goblin.
You kill the goblin!
Things that are here:
a +0 club; a goblin corpse You bludgeon the endoplasm!
You kill the endoplasm!
You feel yourself slow down.
A gnoll comes into view. It is wielding a +0 halberd.
The gnoll shouts!
You hear a shout! x2 2 gnolls come into view.
The gnoll barely misses you.
The gnoll hits you from afar with a +0 spear!
You tentacle-slap the gnoll but do no damage.
You grab the gnoll. You constrict the gnoll. The gnoll misses you.
The gnoll completely misses you. The gnoll misses you.
You tentacle-slap the gnoll.
The gnoll is moderately wounded.
You constrict the gnoll. You bludgeon the gnoll!
You kill the gnoll!
The gnoll hits you from afar with a +0 spear.
The gnoll hits you with a +0 whip.
You bludgeon the gnoll! Your grab misses the gnoll.
The gnoll is severely wounded.
The gnoll hits you from afar with a +0 spear.
* * * LOW HITPOINT WARNING * * *
The gnoll hits you with a +0 whip!
You die...

*,,,,,* *,* #*..#*.# ****,*
#.P.P#.# *,**,*
**.♣P...######* *,**,*
**,,P..........****,**,*
**,,,♣..........',,,,**,*
****,,,♣♣.P........****,**,*
*,,,,*,♣P.).g......* *,**,*
*,,,,**♣♣..h.g.....* *,**,*
*,,,*,,♣...........* *,**,,
*,,.....#.#############.##.#
*,,..##*#.########..........
*>,..####.#.....)..#........
*,.........>######.#########
**#.#####.#..# #.# *,*
#.##.# #.#########
****,****#.##.# #..........


You could see 2 gnolls.

Vanquished Creatures
  A phantom (D:4)
  A gnoll bouda (D:4)
  An iguana (D:4)
  Ijyb (D:3)
  An orc wizard (D:3)
  4 gnolls (D:4)
  An adder (D:3)
  A worm (D:3)
  2 dart slugs (D:3)
  8 orcs
  7 endoplasms
  9 goblins
  8 hobgoblins
  3 quokkas
  5 ball pythons
  8 bats
  6 frilled lizards
  7 kobolds
  8 rats
82 creatures vanquished.

Vanquished Creatures (others)
  2 gnolls (D:4)
2 creatures vanquished.

Grand Total: 84 creatures vanquished

Notes
Turn   | Place    | Note
-------+----------+-------------------------------------------
     0 | D:1      | Dorkslayer the Octopode Shapeshifter began the quest for
                  | the Orb.
     0 | D:1      | Reached XP level 1. HP: 13/13 MP: 1/1
    85 | D:1      | Reached XP level 2. HP: 10/18 MP: 2/2
   578 | D:1      | Reached XP level 3. HP: 23/23 MP: 3/3
   729 | D:2      | Found a faded altar of an unknown god.
   876 | D:2      | Found an opulent altar of Gozag.
  1305 | D:3      | Noticed Ijyb
  1314 | D:3      | Killed Ijyb
  1315 | D:3      | Reached skill level 1 in Stealth
  1315 | D:3      | Reached XP level 4. HP: 12/28 MP: 4/4
  1395 | D:3      | Identified the +2 leather armour "Luteuruh" {MP+9 Slay+2
                  | Stlth+}
  1503 | D:3      | Reached skill level 4 in Unarmed Combat
  1692 | D:3      | Reached XP level 5. HP: 33/33 MP: 6/6
  2003 | D:4      | Reached skill level 1 in Spellcasting
  2005 | D:4      | Reached skill level 1 in Evocations
  2096 | D:4      | Noticed a phantom
  2131 | D:4      | Reached XP level 6. HP: 32/39 MP: 7/7
  2201 | D:4      | Slain by a gnoll

Illustrated notes

Levels and vault maps discovered:
D:1:      dpeg_arrival_court, layout_basic
D:2:      layout_loops_ring, basic_altar, ebering_ecumenical_altar_abandoned,
          serial_bayou_lagoon_a, minmay_tree_intersection
D:3:      layout_loops_cross, uniq_ijyb
D:4:      layout_basic, serial_forest, infiniplex_forest_clump_medium,
          infiniplex_forest_straight_2, infiniplex_forest_lined_room_2,
          infiniplex_forest_clump_small, infiniplex_forest_clump_curved

Skill      XL: |  1  2  3  4  5 |
---------------+----------------+-----
Stealth        | 1 2 |  2.4
Unarmed Combat | 4 |  4.5
Spellcasting   | 1 |  1.4
Evocations     | 1 |  1.6
Fighting       | 2 |  2.1
Dodging        | |  2.8
Shapeshifting  | |  3.8

Action                     |  1- 3 |  4- 6 || total
---------------------------+-------+-------++-------
  Melee: Unarmed           |    71 |    88 ||   159
         Constrict         |    16 |    25 ||    41
         Tentacles         |     9 |    18 ||    27
         Punch             |     1 |     4 ||     5
  Evoke: Wand              |       |     4 ||     4
    Use: Scroll            |     5 |     5 ||    10
         Potion            |     2 |     5 ||     7
   Stab: Sleeping          |     9 |     4 ||    13
         Invisible         |     2 |       ||     2
 Armour: Skin              |     8 |     3 ||    11
  Dodge: Dodged            |    33 |    52 ||    85

Table legend: (Time is in decaauts)
 A = Elapsed time spent in this place.
 B = Non-inter-level travel time spent in this place.
 C = Inter-level travel time spent in this place.
 D = Time resting spent in this place.
 E = Time spent auto-exploring this place.
 F = Levels seen in this place.
 G = Mean time per level.
                   A        B        C        D        E       F      G
               +--------+--------+--------+--------+--------+-----+--------+
         Total |   2150 |   2146 |      4 |     51 |    852 |   4 |  537.5 |
       Dungeon |   2150 |   2146 |      4 |     51 |    852 |   4 |  537.5 |
               +--------+--------+--------+--------+--------+-----+--------+

Top non-repeatable levels by time:
     D:1: 724 daAuts
     D:3: 707 daAuts
     D:2: 521 daAuts
     D:4: 197 daAuts
